 Dungeon Crawl Stone Soup version 0.29.1-15-g9cfb28693d (webtiles) character file.

Game seed: 10084944995240008457

230 javelincjr the Sneak (level 6, -3/58 HPs)
             Began as an Octopode Hedge Wizard on Apr 30, 2023.
             Splashed by a jelly's acid (6 damage)
             ... in a sewer on May 1, 2023.
             The game lasted 00:10:43 (4415 turns).

javelincjr the Sneak (Octopode Hedge Wizard)        Turns: 4415, Time: 00:10:44

Health: -3/58      AC: 15    Str:  9    XL:     6   Next: 3%
Magic:  7/11       EV:  2    Int: 18    God:
Gold:   111        SH:  0    Dex: 12    Spells: 7/12 levels left

rFire   + . .      SeeInvis .   p - staff of fire
rCold   . . .      Faith    .   (no shield)
rNeg    . . .      Spirit   .   (helmet currently unavailable)
rPois   +          Reflect  .   f - amulet of the acrobat
rElec   .          Harm     .   (no ring)
rCorr   .          Rampage  .   (no ring)
Will    .....      NoTele   +   (no ring)
Stlth   ++........              (no ring)
HPRegen 0.19/turn               (no ring)
MPRegen 0.12/turn               (no ring)
                                (no ring)
                                (no ring)

@: tree-form, corroded, on blink cooldown
A: stationary, stasis, torment immunity, boosted hp, almost no armour,
(amphibious), 8 rings, (camouflage 1), (gelatinous body 1), (nimble swimmer 1),
(tentacles)
a: no special abilities


You were in a sewer.
You were a tree.
You visited 1 branch of the dungeon, and saw 4 of its levels.
You also visited: Sewer.

You collected 111 gold pieces.

Inventory:

Hand Weapons
 a - a +0 dagger
Armour
 b - a +0 hat (melded)
Magical Staves
 p - a staff of fire (weapon)
Jewellery
 f - an amulet of the acrobat (around neck)
 k - an amulet of reflection
Scrolls
 e - 3 scrolls of teleportation {unknown}
 h - 4 scrolls of identify {unknown}
 i - a scroll of noise {unknown}
 n - a scroll of acquirement {unknown}
 o - a scroll of magic mapping {unknown}
Potions
 c - a potion of magic
 d - a potion of mutation {unknown}
 g - a potion of degeneration {unknown}
 j - a potion of might {unknown}
 l - 2 potions of flight {unknown}
 m - a potion of lignification


   Skills:
 * Level 1.8 Fighting
 + Level 2.8 Dodging
 + Level 4.0 Stealth
 * Level 3.7 Spellcasting
 + Level 2.2 Conjurations
 + Level 2.0 Summonings
 + Level 2.1 Translocations


You had 7 spell levels left.
You knew the following spells:

 Your Spells              Type           Power      Damage    Failure   Level
a - Magic Dart            Conj           44%        1d5       6%          1
b - Blink                 Tloc           22%        N/A       10%         2
c - Call Imp              Summ           10%        N/A       10%         2

Your spell library contained the following spells:

 Spells                   Type           Power      Damage    Failure   Level
 Slow                     Hex            12%        N/A       16%         1
 Gell's Gravitas          Tloc           11%        N/A       19%         3
 Lesser Beckoning         Tloc           11%        N/A       19%         3
 Teleport Other           Tloc           11%        N/A       19%         3
 Conjure Flame            Conj/Fire      11%        6-21      28%         3
 Mephitic Cloud           Conj/Pois/Air  6%         N/A       32%         3
 Confusing Touch          Hex            3%         N/A       41%         3
 Vampiric Draining        Necr           3%         2d6       41%         3


Dungeon Overview and Level Annotations

Branches:
Dungeon (4/15)              Sewer (1/1)
 Temple: D:4-7

Altars:
Xom


Innate Abilities, Weirdness & Mutations

You are a tree.
Your roots penetrate the ground, keeping you stationary.
You cannot be teleported.
You are immune to unholy pain and torment.
Your maximum health is greatly increased.
You cannot wear most types of armour.
((You are amphibious.))
You can wear up to eight rings at the same time.
((Your skin changes colour to match your surroundings (Stealth+).))
((Your rubbery body absorbs attacks. (AC +1, EV +1)))
((You are camouflaged when in or above water. (Stealth+)))
((You have tentacles for arms and can constrict up to eight enemies at once.))


Message History

The giant cockroach bites your crimson imp but does no damage.
Your crimson imp blinks!
You release your grip on the giant cockroach.
Your crimson imp disappears in a puff of smoke!
The giant cockroach completely misses you.
The giant cockroach bites you.
You hit the giant cockroach but do no damage.
You grab the giant cockroach.
The giant cockroach is almost dead.
You constrict the giant cockroach.
You kill the giant cockroach!
A jelly comes into view.
Found a dagger.
You hit the jelly.
Your tentacles burn!
You squeeze the jelly.
The jelly is moderately wounded.
The jelly hits you.
You are splashed with acid!
You hit the jelly. The acid corrodes you!
Your tentacles burn!
The jelly is heavily wounded.
The jelly hits you. The acid corrodes you!
You are splashed with acid!
* * * LOW HITPOINT WARNING * * *
You hit the jelly but do no damage.
Your tentacles burn!
* * * LOW HITPOINT WARNING * * *
The jelly is heavily wounded.
The jelly barely misses you.
You hit the jelly.
Your tentacles burn!
* * * LOW HITPOINT WARNING * * *
The jelly is severely wounded.
The jelly closely misses you. The jelly attacks as you move away!
The jelly barely misses you. The jelly attacks as you move away!
The jelly closely misses you.
Okay, then.
Casting: Call Imp (safe; 10% risk of failure)
Confirm with . or Enter, or press ? or * to list all spells.
You blink.
The jelly misses you.
It was a potion of lignification.
You turn into a tree.
Your +0 hat melds into your body.
Your roots penetrate the ground.
The jelly hits you.
* * * LOW HITPOINT WARNING * * *
The acid corrodes you!
You are splashed with acid.
You die...

~.. ..# ##~~### ##~~..~~
########### #.~~~.
.....~....# #~.~#
..~.....~.# ####~~# ~J#
########~.###..†..# #~~#
#..##...~♣†## ~..~#
#.~##~.##J~~##.~.##
########~.##.~.##..~#...~.
.~...~~..~###..)##~.~~....
~~~.~.....# ##..##.~....~#
########### ###~~~~~.### #
##~.~..~..# # #.~~.###~..#
## ##.†.## #~~.


You could see a jelly.

Vanquished Creatures
  Natasha (twice) (D:3)
  5 adders
  2 river rats (Sewer)
  2 worms
  9 dart slugs
  11 ball pythons
  13 endoplasms
  5 giant cockroaches
  4 goblins
  8 hobgoblins
  4 jackals (D:1)
  A quokka (D:1)
  7 bats
  9 frilled lizards
  2 kobolds
  15 rats
99 creatures vanquished.

Notes
Turn   | Place    | Note
-------+----------+-------------------------------------------
     0 | D:1      | javelincjr the Octopode Hedge Wizard began the quest for
                  | the Orb.
     0 | D:1      | Reached XP level 1. HP: 11/11 MP: 4/4
   217 | D:1      | Reached XP level 2. HP: 11/17 MP: 6/6
   357 | D:1      | Reached skill level 3 in Stealth
   471 | D:1      | Found a faded altar of an unknown god.
   598 | D:1      | Reached XP level 3. HP: 21/21 MP: 0/7
  1899 | D:2      | Reached XP level 4. HP: 27/27 MP: 0/8
  1906 | D:2      | Learned a level 2 spell: Blink
  1909 | D:2      | Learned a level 2 spell: Call Imp
  2083 | D:2      | Found a shimmering altar of Xom.
  2486 | D:2      | Reached skill level 1 in Fighting
  3060 | D:3      | Reached XP level 5. HP: 31/33 MP: 10/10
  3534 | D:3      | Noticed Natasha
  3537 | D:3      | Killed Natasha
  3815 | D:3      | Noticed Natasha
  3851 | D:3      | Killed Natasha
  3969 | D:4      | Found a glowing drain.
  3989 | Sewer    | Entered a sewer
  4399 | Sewer    | Reached skill level 4 in Stealth
  4399 | Sewer    | Reached XP level 6. HP: 34/39 MP: 6/11
  4409 | Sewer    | HP: 1/39 [acid (2)]
  4415 | Sewer    | Splashed by a jelly's acid

Illustrated notes

Levels and vault maps discovered:
D:1:      dpeg_arrival_brainrot, layout_basic,
          dreamdust_ecumenical_altar_angels_and_demons
D:2:      layout_rooms, basic_altar
D:3:      layout_rooms, grunt_decor_resistance, chequers_serial_rivers_small_b,
          uniq_natasha
D:4:      layout_cave_pools, amcnicky_altar_gilded,
          minmay_temple_entry_butterflies, portal_sewer_entry_b
Sewer:    sewer_hellmonk_slimy_pipes

Skill      XL: |  1  2  3  4  5 |
---------------+----------------+-----
Stealth        | 3 4 |  4.0
Fighting       | 1 |  1.8
Conjurations   | 2 |  2.2
Summonings     | 2 |  2.0
Translocations | 2 |  2.1
Dodging        | |  2.8
Spellcasting   | |  3.7

Action                   |  1- 3 |  4- 6 || total
-------------------------+-------+-------++-------
Melee: Dagger            |    50 |    19 ||    69
       Tentacles         |    14 |    19 ||    33
       Constrict         |    10 |    13 ||    23
       Punch             |     1 |       ||     1
       Staff             |       |    54 ||    54
 Cast: Magic Dart        |    58 |    95 ||   153
       Call Imp          |       |     1 ||     1
       Blink             |       |     1 ||     1
  Use: Potion            |       |     1 ||     1
 Stab: Sleeping          |     7 |     7 ||    14
Armor: Skin              |     3 |     3 ||     6
Dodge: Dodged            |    36 |    59 ||    95
